Map: Nightshade LE

Players

Skyler

  • Race: Terran Terran
  • League: Grandmaster
  • Spawn Location: 5:00

BewwyCwuncH - Winner!

  • Race: Terran Terran
  • League: Grandmaster
  • Spawn Location: 11:00

VOD

Have the link to the VOD?

Description

Time

  • Played on: Jan. 28, 2020, 4:43 a.m.
  • Length: 14:35
Show
View Real Time Build Order
Export as new Build Order

Skyler Terran 

Build Orders: Liberator Opening 

Get SALT Encoding   

  12  0:00  SCV  
  14  0:14  SCV  
  14  0:17  Supply Depot  
  14  0:26  Refinery  
  14  0:27  SCV  
  15  0:39  SCV  
  16  0:44  Barracks  
  16  0:51  SCV  
  17  0:57  Refinery  
  17  1:05  SCV  
  18  1:17  SCV  
  19  1:30  SCV  
  19  1:31  Reaper  
  21  1:36  Factory  
  21  1:42  Orbital Command  
  21  1:52  Supply Depot  
  21  2:03  Reaper  
  22  2:10  SCV  
  23  2:20  Hellion  
  25  2:23  SCV  
  26  2:38  Reaper  
  26  2:40  Command Center  
  26  2:42  SCV  
  28  2:45  Hellion  
  30  3:01  SCV, Starport  
  31  3:08  Factory Tech Lab  
  31  3:11  Barracks Reactor  
  31  3:22  Supply Depot  
  31  3:36  SCV  
  31  3:44  Cyclone, Liberator  
  37  3:48  SCV  
  37  3:49  Marine  
  37  3:52  Orbital Command, Marine  
  40  4:06  SCV, Command Center  
  41  4:14  Marine  
  41  4:16  Cyclone, Marine  
  46  4:18  SCV  
  46  4:21  SCV  
  48  4:28  Supply Depot  
  48  4:31  SCV, Starport Reactor  
  49  4:34  Marine x2  
  49  4:35  SCV  
  52  4:45  SCV  
  53  4:49  Supply Depot  
  53  4:50  Engineering Bay  
  53  4:51  SCV  
  53  4:52  Refinery  
  54  4:55  Siege Tank  
  54  4:58  SCV  
  58  5:05  Barracks  
  58  5:11  Barracks Tech Lab  
  58  5:13  Barracks  
  58  5:17  Starport Reactor  
  58  5:18  SCV x2  
  58  5:21  Orbital Command  
  60  5:30  SCV  
  60  5:31  Supply Depot  
  60  5:33  Siege Tank  
  64  5:36  Marine  
  64  5:39  SCV  
  64  5:42  SCV, Terran Infantry Weapons Level 1  
  67  5:46  Stimpack  
  67  5:50  Refinery  
  67  5:51  SCV  
  67  5:52  SCV  
  67  5:53  Marine x2  
  51  5:57  Orbital Command  
  71  5:58  SCV, Marine  
  71  6:00  Medivac  
  71  6:02  Medivac  
  77  6:10  Marine x2  
  77  6:11  Marine  
  80  6:12  SCV x2  
  80  6:15  Siege Tank  
  85  6:19  Marine  
  85  6:21  Marine  
  85  6:24  SCV  
  85  6:25  SCV x2  
  90  6:28  Marine  
  90  6:30  Supply Depot  
  90  6:31  Sensor Tower  
  90  6:32  Supply Depot  
  91  6:35  Supply Depot  
  91  6:38  Marine x2  
  93  6:49  Armory  
  93  6:51  Engineering Bay  
  93  6:52  SCV x3, Marine x2  
  98  6:54  Sensor Tower  
  98  7:01  Marine x3  
  98  7:04  SCV  
  102  7:09  SCV x2, Marine  
  102  7:10  Barracks  
  102  7:11  Barracks  
  102  7:13  Marine  
  106  7:16  SCV  
  106  7:17  Medivac  
  106  7:18  Medivac  
  106  7:19  Marine  
  106  7:22  SCV  
  113  7:23  SCV  
  113  7:28  SCV  
  112  7:30  Marine x3  
  115  7:39  Marine x2  
  117  7:44  Supply Depot  
  117  7:45  Supply Depot  
  117  7:46  Supply Depot  
  117  7:57  Marine x2  
  117  7:59  Marine  
  117  8:04  Siege Tank  
  112  8:07  Marine x2  
  112  8:08  Marine  
  102  8:13  Viking x2  
  90  8:21  Marine x4  
  93  8:28  Marine  
  93  8:29  Marine x2  
  89  8:36  Siege Tank  
  89  8:39  Marine x3  
  84  8:46  Marine  
  27  9:41  Barracks  
  27  9:42  Barracks x3  
  27  9:50  Command Center  
  24  10:23  Command Center  
  24  10:43  Command Center  
  22  11:20  Orbital Command  
  17  11:46  SCV  
  9  11:52  Barracks Reactor  
  9  12:07  Barracks Reactor  
  9  12:15  Command Center  
Show
View Real Time Build Order
Export as new Build Order

BewwyCwuncH Terran - Winner!

Build Orders: Cyclone Opening, Gas First Reaper Expand 

Get SALT Encoding   

  12  0:01  SCV  
  13  0:13  SCV  
  14  0:17  Supply Depot  
  14  0:25  SCV  
  15  0:30  Refinery  
  15  0:38  SCV  
  16  0:46  Barracks  
  16  0:52  SCV  
  17  1:05  SCV  
  18  1:17  SCV  
  19  1:34  Reaper, Orbital Command  
  20  1:43  Command Center  
  20  1:57  Factory  
  20  2:00  SCV  
  21  2:05  Supply Depot  
  21  2:10  Barracks Reactor  
  21  2:12  SCV  
  22  2:20  Bunker  
  22  2:23  Refinery  
  22  2:29  SCV  
  23  2:41  Factory Tech Lab  
  23  2:42  SCV  
  24  2:46  Marine x2  
  26  2:54  SCV  
  26  2:59  Cyclone  
  26  3:01  Orbital Command  
  26  3:04  Marine x2  
  31  3:11  SCV  
  32  3:20  Starport  
  32  3:22  Marine x2  
  32  3:24  SCV  
  35  3:29  SCV  
  35  3:32  Refinery  
  36  3:36  SCV  
  36  3:40  Marine  
  36  3:41  Marine  
  39  3:42  Factory Tech Lab  
  39  3:43  SCV  
  40  3:48  SCV  
  40  3:50  Supply Depot  
  40  3:55  SCV  
  42  3:58  Marine x2  
  42  4:00  SCV  
  45  4:08  Supply Depot  
  45  4:12  Raven, Siege Tank  
  45  4:13  SCV  
  45  4:15  Supply Depot  
  51  4:17  SCV  
  51  4:19  Marine x2  
  54  4:30  SCV x2  
  56  4:34  Barracks  
  56  4:39  Marine x2  
  56  4:41  Barracks  
  58  4:46  SCV  
  58  4:48  SCV  
  58  4:50  Supply Depot  
  60  4:54  Raven  
  60  4:55  Siege Tank  
  65  5:01  SCV x2  
  65  5:06  Barracks Tech Lab  
  67  5:13  SCV  
  67  5:14  SCV  
  69  5:16  Barracks  
  69  5:30  Barracks Reactor  
  69  5:31  Stimpack, Barracks  
  69  5:32  Marine  
  69  5:35  Barracks Reactor  
  70  5:41  Engineering Bay  
  70  5:42  Engineering Bay  
  70  5:44  Refinery  
  70  5:46  Supply Depot  
  70  5:49  Supply Depot  
  70  5:56  Siege Tank  
  73  5:58  Starport Reactor  
  73  6:01  Marine  
  74  6:06  Supply Depot  
  74  6:08  SCV, Supply Depot  
  74  6:10  SCV  
  76  6:13  Marine  
  76  6:14  Marine  
  76  6:16  Terran Infantry Weapons Level 1  
  78  6:19  Terran Infantry Armor Level 1  
  78  6:22  Marine x2  
  78  6:24  SCV  
  81  6:27  Marine x3  
  81  6:30  Combat Shield  
  84  6:36  Siege Tank  
  84  6:37  Marine x2  
  89  6:40  Marine x2  
  89  6:41  Marine  
  89  6:45  Marine x2  
  94  6:50  Medivac  
  94  6:52  Marine  
  97  6:55  Medivac, Marine x2  
  97  6:59  Supply Depot, Marine x3  
  104  7:02  Supply Depot  
  104  7:03  Marine x2  
  106  7:10  Marine, Siege Tank  
  110  7:20  Medivac, Marine x5  
  117  7:23  Marine  
  117  7:24  Marine  
  117  7:27  Marine  
  120  7:34  Supply Depot  
  120  7:36  Supply Depot  
  120  7:38  Marine x3  
  120  7:39  Medivac, Marine  
  120  7:40  Marine  
  120  7:41  Marine  
  120  7:42  Siege Tank  
  131  7:49  Marine x2  
  133  7:56  Marine  
  134  8:05  Marine x4  
  136  8:10  Medivac x2  
  142  8:18  Marine x3  
  142  8:24  Marine x2  
  141  8:33  Siege Tank  
  141  8:49  Marine  
  142  8:58  Marine  
  142  9:00  Marine x2  
  142  9:01  Medivac  
  141  9:07  Marine  
  141  9:09  Medivac  
  139  9:37  Supply Depot  
  139  9:38  Supply Depot  
  139  9:59  Marine x3  
  142  10:03  Supply Depot x2, Refinery, Command Center  
  142  10:04  Supply Depot  
  142  10:13  Marine  
  142  10:15  Marine  
  142  10:16  SCV  
  142  10:17  Marine  
  142  10:19  SCV  
  142  10:20  Marine  
  142  10:24  Marine x2  
  142  10:25  Siege Tank  
  149  10:31  Marine  
  149  10:33  Marine  
  149  10:35  Marine  
  151  10:37  Marine  
  151  10:39  Supply Depot  
  151  10:41  Supply Depot  
  151  10:42  Supply Depot, Marine x2  
  153  10:45  Starport Tech Lab  
  153  10:48  Marine  
  154  10:51  Marine  
  154  10:53  Marine  
  154  10:55  Marine  
  157  11:00  Marine x2  
  157  11:01  Supply Depot x2  
  157  11:03  Supply Depot  
  159  11:35  Command Center  
  159  11:36  Command Center  
  159  11:47  Viking x2  
  161  11:50  SCV, Orbital Command  
  161  11:51  SCV  
  161  11:52  Siege Tank  
  161  11:53  Marine x2  
  170  11:56  Marine  
  171  12:03  SCV x2  
  171  12:17  Marine  
  172  12:32  Marine x3  
  172  12:37  SCV x2  
  177  12:44  Viking  
  177  12:45  Viking  
  181  13:08  Orbital Command x2  
  181  13:10  Missile Turret  
  181  13:14  Viking x2  
Tags
 
Add a new tag
Caveats
  • Supply blocks, unpowered buildings, or Contaminate may cause inaccurate times.
  • Supply counts are checked every 10 seconds.